 Dungeon Crawl Stone Soup version 0.31-a0-431-g88bdf31460 (webtiles) character file.

Game seed: 1727173521002224612

51 Zonian the Changeling (level 3, 0/16 HPs)
             Began as a Felid Shapeshifter on July 31, 2023.
             Was a Believer of Qazlal.
             Killed by divine providence
             ... invoked by an orc priest
              (16 damage)
             ... on level 4 of the Dungeon.
             The game lasted 00:07:22 (2974 turns).

Zonian the Changeling (Felid Shapeshifter)          Turns: 2974, Time: 00:07:24

Health: 0/16       AC:  1    Str: 13    XL:     3   Next: 58%
Magic:  4/4        EV: 19    Int:  9    God:    Qazlal [**....]
Gold:   154        SH:  2    Dex: 20    Spells: 2/2 levels left
                                        Lives:  0   Deaths: 1

rFire   x .          .
                       - Unarmed
rCold   + . .        (shield unavailable)
rNeg    . . .        (body armour unavailable)
rPois   +            (helmet unavailable)
rElec   .            (cloak unavailable)
rCorr   .            (gloves unavailable)
SInv    +            (boots unavailable)
Will    .....        (no amulet)
Stlth   ++           j - ring of poison resistance
HPRegen 0.22/turn    c - ring of the Orange Skies {Ice Dex+4}
MPRegen 0.09/turn

%: no passive effects
@: beast-form, studying Fighting, quick
A: beast (slay +2), very small, claws 1, fangs 3, see invisible, speed 1, shaggy
fur 1, stealthy paws, no weapons or thrown items, no armour, multi-lived
a: Begin Untransformation, Renounce Religion, Upheaval


You were on level 4 of the Dungeon.
You worshipped Qazlal.
Qazlal was pleased with you.
You were a hulking beast.
You visited 1 branch of the dungeon, and saw 4 of its levels.

You collected 154 gold pieces.

Inventory:

Jewellery
 c - the ring of the Orange Skies (right paw) {Ice Dex+4}
   (You acquired it on level 3 of the Dungeon)

   [ring of ice]

   It enhances your ice magic.
   Dex:       It affects your dexterity (+4).
   rF:        It makes you vulnerable to fire.
   rC:        It protects you from cold.
 j - a ring of poison resistance (left paw)
Talismans
 b - a beast talisman (active)
Scrolls
 d - a scroll of teleportation
 g - 4 scrolls of immolation
 i - a scroll of blinking {unknown}
 l - 2 scrolls of poison
Potions
 a - a potion of lignification
 e - a potion of haste {unknown}
 f - a potion of resistance
 h - a potion of mutation {unknown}
 k - a potion of curing {unknown}
 n - 2 potions of might {unknown}
Miscellaneous
 p - a lightning rod (4/4)


   Skills:
 + Level 2.3 Fighting
 + Level 3.8 Dodging
 + Level 3.7 Unarmed Combat
 + Level 3.9 Shapeshifting


You had 2 spell levels left.
You didn't know any spells.
Your spell library contained the following spells:

 Spells                   Type           Power      Damage    Failure   Level
 Wereblood                Tmut           0%         N/A       52%         2
 Call Canine Familiar     Summ           0%         N/A       77%         3
 Cause Fear               Hex            0%         N/A       99%         4
 Leda's Liquefaction      Hex/Erth       0%         N/A       99%         4
 Fireball                 Conj/Fire      0%         3d3       100%        5
 Irradiate                Conj/Tmut      0%         3d11      100%        5
 Dragon's Call            Summ           0%         N/A       100%        9
 Portal Projectile        Hex/Tloc       Unusable   N/A       N/A         3

Dungeon Overview and Level Annotations

Branches:
Dungeon (4/15)
 Temple: D:4-7

Altars:
Qazlal

Annotations:
D:3 Grinder


Innate Abilities, Weirdness & Mutations

You are a hulking beast.
Your limbs bulge with bestial killing power. (Slay +2)
You have sharp claws.
You have razor-sharp teeth.
You have supernaturally acute eyesight. (SInv)
You cover ground quickly. (Speed+)
You are covered in fur. (AC +1)
Your paws help you pounce on unaware monsters.
You are incapable of wielding weapons or throwing items.
You cannot wear armour.
You gain extra lives every three experience levels.


Message History

You kill the jackal!
Qazlal accepts your kill.
Unknown command.
Found a stone staircase leading up.
The endoplasm is engulfed in freezing vapours.
You kill the endoplasm!
Qazlal accepts your kill.
There is a stone staircase leading up here.
You see here a jackal corpse.
A kobold comes into view. It is wielding a +0 short sword.
Found 6 stones.
The kobold shouts!
You hear a shout!
Unknown command.
Found a stone staircase leading down.
The kobold throws a stone.
You block the stone. You block the kobold's attack.
You scratch the kobold.
You kill the kobold!
Qazlal accepts your kill.
An orc comes into view. It is wielding a +0 falchion.
An orc comes into view. It is wielding a +0 war axe.
Unknown command.
The orc shouts!
You hear a shout!
You hear an angry hiss.
Items here: $ ( ) [.
Okay, then.
An orc comes into view. It is wielding a +0 mace.
The orc shouts!
The orc barely misses you.
The orc moves out of view.
The orc shouts!
You scratch the orc.
The orc is moderately wounded.
An orc priest comes into view. It is wielding a +0 club.
The orc closely misses you.
You barely miss the orc.
The orc is moderately wounded.
The orc priest shouts!
You hear an angry hiss.
The orc priest invokes the aid of Beogh against you.
Beogh smites you!
Ouch! That really hurt!
You die...

#. #.##..# #.. #.#o..#
#...####...#.#
#....#o###.# #....##.#
###...>##.# #.
#.).#.....#
##...##o####....####
.......h.####......####
###....#..# ##..##....#
.....####.####..#####.#
###.. #....##†.####.#
#. ###.........#.# #
#.........#.##
#............<
#.........##..
#.........##..


You could see an orc priest and 2 orcs.

Vanquished Creatures
  3 adders
  A gnoll (D:2)
  A worm (D:3)
  A dart slug (D:1)
  An orc (D:3)
  3 endoplasms
  3 giant cockroaches
  3 goblins
  7 hobgoblins
  7 jackals
  7 kobolds
  5 quokkas
  4 ball pythons
  3 bats
  3 frilled lizards
  6 rats
58 creatures vanquished.

Notes
Turn   | Place    | Note
-------+----------+-------------------------------------------
     0 | D:1      | Zonian the Felid Shapeshifter began the quest for the Orb.
     0 | D:1      | Reached XP level 1. HP: 9/9 MP: 2/2
   153 | D:1      | Found a faded altar of an unknown god.
   214 | D:1      | Reached XP level 2. HP: 6/12 MP: 3/3
   666 | D:1      | Prayed at the altar of an unknown god.
   666 | D:1      | Became a worshipper of Qazlal Stormbringer
   666 | D:1      | Reached * piety under Qazlal
   848 | D:1      | Reached XP level 3. HP: 13/16 MP: 4/4
  1630 | D:2      | Reached XP level 4. HP: 18/19 MP: 5/5
  2341 | D:3      | Noticed Grinder
  2451 | D:3      | Identified a scroll of acquirement
  2451 | D:3      | Acquired the ring of the Orange Skies {Ice Dex+4}
  2514 | D:3      | Acquired a manual of Fighting
  2896 | D:4      | Slain by a sleepcap
  2897 | D:4      | Reached XP level 3. HP: -5/16 MP: 4/4
  2915 | D:4      | Reached ** piety under Qazlal
  2974 | D:4      | Killed from afar by an orc priest

Illustrated notes

Levels and vault maps discovered:
D:1:      wander_arrival_fairy_ring, layout_loops_ring,
          hellmonk_ecumenical_altar_zigzags
D:2:      layout_basic, grunt_ministairs_9, nrook_loot_triangle,
          kennysheep_generic_room_6
D:3:      layout_loops_cross, minmay_checkerbox, uniq_grinder
D:4:      layout_rooms, minmay_door_square, wad_floor_pattern_2, uniq_natasha,
          uniq_eustachio

Skill      XL: |  1  2  3 |
---------------+----------+-----
Dodging        | 3 |  3.8
Fighting       | 2 |  2.3
Unarmed Combat | |  3.7
Shapeshifting  | |  3.9

Action                     |  1- 3 |  4- 6 || total
---------------------------+-------+-------++-------
  Melee: Unarmed           |   111 |    43 ||   154
         Bite              |    12 |     6 ||    18
         Punch             |     4 |       ||     4
    Use: Scroll            |       |    12 ||    12
 Armour: Skin              |     4 |     1 ||     5
  Dodge: Dodged            |    80 |    37 ||   117
  Block: Other             |     3 |     1 ||     4

Table legend: (Time is in decaauts)
 A = Elapsed time spent in this place.
 B = Non-inter-level travel time spent in this place.
 C = Inter-level travel time spent in this place.
 D = Time resting spent in this place.
 E = Time spent auto-exploring this place.
 F = Levels seen in this place.
 G = Mean time per level.
                   A        B        C        D        E       F      G
               +--------+--------+--------+--------+--------+-----+--------+
         Total |   2565 |   2480 |     85 |    545 |   1345 |   4 |  641.2 |
       Dungeon |   2565 |   2480 |     85 |    545 |   1345 |   4 |  641.2 |
               +--------+--------+--------+--------+--------+-----+--------+

Top non-repeatable levels by time:
     D:2: 944 daAuts
     D:1: 751 daAuts
     D:3: 740 daAuts
     D:4: 129 daAuts
